PL
CHICAGO GOLD SOX @ ATLANTA SMOKE
08/10/2033
 
TOP OF THE 1ST
Chicago Gold Sox batting - Pitching for Atlanta Smoke : LHP Aimo Latva
Pitching: LHP Aimo Latva
Batting: RHB Jay Hood 0-0: Fly out, F9 (Flyball, 9S)
Batting: RHB Zeus Preckwinkle 0-0: Swinging Strike
0-1: Called Strike
0-2: Strikes out swinging
Batting: RHB Shimei Miura 0-0: Ball
1-0: Swinging Strike
1-1: SINGLE (Line Drive, 7S)
Batting: RHB Ramón Rodríguez 0-0: Foul Ball, location: 2F
0-1: Foul Ball, location: 2F
0-2: Ball
1-2: Ball
2-2: Fly out, F7 (Line Drive, 7)
Top of the 1st over - 0 runs, 1 hit, 0 errors, 1 left on base; Chicago 0 - Atlanta 0
BOTTOM OF THE 1ST
Atlanta Smoke batting - Pitching for Chicago Gold Sox : RHP Tony Alfonso
Pitching: RHP Tony Alfonso
Batting: LHB Jeff Lawson 0-0: SINGLE (Groundball, 56) (infield hit)
Batting: RHB Silvio Bonauiti 0-0: Ball
1-0: Hit by Pitch
Jeff Lawson to second
Batting: LHB Albert Morán 0-0: Called Strike
0-1: Ball
1-1: Called Strike
1-2: Foul Ball, location: 2F
1-2: Fly out, F9 (Flyball, 9LM)
Runner from 2nd tags up, SAFE at 3rd with throw
Batting: RHB Cristo González 0-0: Fly out, F5 (Popup, 5SF)
Batting: LHB Lance Antle 0-0: Ground out 6-3 (Groundball, 6S)
Bottom of the 1st over - 0 runs, 1 hit, 0 errors, 2 left on base; Chicago 0 - Atlanta 0
TOP OF THE 2ND
Chicago Gold Sox batting - Pitching for Atlanta Smoke : LHP Aimo Latva
Batting: SHB Lupo Cotto 0-0: Called Strike
0-1: Ball
1-1: Fly out, F7 (Flyball, 78S)
Batting: SHB Valentín Guzmán 0-0: Swinging Strike
0-1: Ball
1-1: Fly out, F9 (Flyball, 9S)
Batting: RHB Manuel Guillama 0-0: Ball
1-0: Called Strike
1-1: Ball
2-1: Ball
3-1: Ground out 6-3 (Groundball, 6)
Top of the 2nd over - 0 runs, 0 hits, 0 errors, 0 left on base; Chicago 0 - Atlanta 0
BOTTOM OF THE 2ND
Atlanta Smoke batting - Pitching for Chicago Gold Sox : RHP Tony Alfonso
Batting: RHB Syed Sarkar 0-0: Fly out, F9 (Flyball, 89D)
Batting: LHB Kade Eagleton 0-0: Ball
1-0: Ground out 6-3 (Groundball, 6)
Batting: RHB Bruce Ingilby 0-0: Ground out 6-3 (Groundball, 6)
Bottom of the 2nd over - 0 runs, 0 hits, 0 errors, 0 left on base; Chicago 0 - Atlanta 0
TOP OF THE 3RD
Chicago Gold Sox batting - Pitching for Atlanta Smoke : LHP Aimo Latva
Batting: RHB Norman Winston 0-0: Foul Ball, location: 2F
0-1: Swinging Strike
0-2: Ball
1-2: Strikes out looking
Batting: LHB Count Dante 0-0: Ball
1-0: Ball
2-0: Ball
3-0: Fly out, F5 (Popup, 5SF)
Batting: RHB Jay Hood 0-0: Ground out 6-3 (Groundball, 56D)
Top of the 3rd over - 0 runs, 0 hits, 0 errors, 0 left on base; Chicago 0 - Atlanta 0
BOTTOM OF THE 3RD
Atlanta Smoke batting - Pitching for Chicago Gold Sox : RHP Tony Alfonso
Batting: RHB Pau Arria 0-0: Ball
1-0: Called Strike
1-1: Foul Ball, location: 2F
1-2: Strikes out swinging
Batting: LHB Jeff Lawson 0-0: Ball
1-0: Ground out 6-3 (Groundball, 6)
Batting: RHB Silvio Bonauiti 0-0: Ground out 5-3 (Groundball, 5)
Bottom of the 3rd over - 0 runs, 0 hits, 0 errors, 0 left on base; Chicago 0 - Atlanta 0
TOP OF THE 4TH
Chicago Gold Sox batting - Pitching for Atlanta Smoke : LHP Aimo Latva
Batting: RHB Zeus Preckwinkle 0-0: Ball
1-0: Called Strike
1-1: Ball
2-1: Ball
3-1: Called Strike
3-2: Foul Ball, location: 2F
3-2: Foul Ball, location: 2F
3-2: Fly out, F3 (Popup, 3S)
Batting: RHB Shimei Miura 0-0: Foul Ball, location: 2F
0-1: Foul Ball, location: 2F
0-2: Strikes out swinging, 2-3 out at first.
Batting: RHB Ramón Rodríguez 0-0: Foul Ball, location: 2F
0-1: Called Strike
0-2: Ball
1-2: Strikes out swinging
Top of the 4th over - 0 runs, 0 hits, 0 errors, 0 left on base; Chicago 0 - Atlanta 0
BOTTOM OF THE 4TH
Atlanta Smoke batting - Pitching for Chicago Gold Sox : RHP Tony Alfonso
Batting: LHB Albert Morán 0-0: Ball
1-0: Ground out U3 (Groundball, 3)
Batting: RHB Cristo González 0-0: Swinging Strike
0-1: Fly out, F7 (Line Drive, 7D)
Batting: LHB Lance Antle 0-0: Called Strike
0-1: Foul Ball, location: 2F
0-2: Foul Ball, location: 2F
0-2: SINGLE (Groundball, 6D)
Batting: RHB Syed Sarkar 0-0: Ball
1-0: Ball
2-0: Called Strike
2-1: Fly out, F9 (Flyball, 9S)
Bottom of the 4th over - 0 runs, 1 hit, 0 errors, 1 left on base; Chicago 0 - Atlanta 0
TOP OF THE 5TH
Chicago Gold Sox batting - Pitching for Atlanta Smoke : LHP Aimo Latva
Batting: SHB Lupo Cotto 0-0: Called Strike
0-1: Ball
1-1: SINGLE (Groundball, 34S) (infield hit)
Batting: SHB Valentín Guzmán 0-0: Grounds into double play, 6-4-3 (Groundball, 6)
Batting: RHB Manuel Guillama 0-0: Called Strike
0-1: Swinging Strike
0-2: Strikes out looking
Top of the 5th over - 0 runs, 1 hit, 0 errors, 0 left on base; Chicago 0 - Atlanta 0
BOTTOM OF THE 5TH
Atlanta Smoke batting - Pitching for Chicago Gold Sox : RHP Tony Alfonso
Batting: LHB Kade Eagleton 0-0: Called Strike
0-1: Fly out, F9 (Line Drive, 89S)
Batting: RHB Bruce Ingilby 0-0: Called Strike
0-1: Foul Ball, location: 2F
0-2: Strikes out swinging
Batting: RHB Pau Arria 0-0: Ground out 6-3 (Groundball, 6)
Bottom of the 5th over - 0 runs, 0 hits, 0 errors, 0 left on base; Chicago 0 - Atlanta 0
TOP OF THE 6TH
Chicago Gold Sox batting - Pitching for Atlanta Smoke : LHP Aimo Latva
Batting: RHB Norman Winston 0-0: Fly out, F8 (Flyball, 8LD)
Batting: LHB Count Dante 0-0: Called Strike
0-1: Swinging Strike
0-2: Ball
1-2: Strikes out looking
Batting: RHB Jay Hood 0-0: Foul Ball, location: 2F
0-1: Ground out 6-3 (Groundball, 6D)
Top of the 6th over - 0 runs, 0 hits, 0 errors, 0 left on base; Chicago 0 - Atlanta 0
BOTTOM OF THE 6TH
Atlanta Smoke batting - Pitching for Chicago Gold Sox : RHP Tony Alfonso
Batting: LHB Jeff Lawson 0-0: Ball
1-0: Ball
2-0: Ball
3-0: Called Strike
3-1: Called Strike
3-2: SINGLE (Groundball, 6MD)
Batting: RHB Silvio Bonauiti 0-0: Bunted foul
0-1: Sac Bunt - play at first, batter OUT! 1-4
Jeff Lawson to second
Batting: LHB Albert Morán 0-0: Intentional Walk
Batting: RHB Cristo González 0-0: Called Strike
0-1: Swinging Strike
0-2: SINGLE (Groundball, 56D)
Jeff Lawson to third
Albert Morán to second
Runner from 3rd tries for Home, SAFE, no throw
Batting: LHB Lance Antle 0-0: Grounds into double play, 4-6-3 (Groundball, 4)
Bottom of the 6th over - 1 run, 2 hits, 0 errors, 1 left on base; Chicago 0 - Atlanta 1
TOP OF THE 7TH
Chicago Gold Sox batting - Pitching for Atlanta Smoke : LHP Aimo Latva
Batting: RHB Zeus Preckwinkle 0-0: Ball
1-0: Called Strike
1-1: Fly out, F9 (Flyball, 89D)
Batting: RHB Shimei Miura 0-0: Ball
1-0: Swinging Strike
1-1: Ball
2-1: Ball
3-1: Called Strike
3-2: Ground out 6-3 (Groundball, 6)
Batting: RHB Ramón Rodríguez 0-0: Foul Ball, location: 2F
0-1: Ball
1-1: Foul Ball, location: 2F
1-2: Ground out 3-1 (Groundball, 3S)
Top of the 7th over - 0 runs, 0 hits, 0 errors, 0 left on base; Chicago 0 - Atlanta 1
BOTTOM OF THE 7TH
Atlanta Smoke batting - Pitching for Chicago Gold Sox : RHP Tony Alfonso
Batting: RHB Syed Sarkar 0-0: Swinging Strike
0-1: Ball
1-1: Ground out 5-3 (Groundball, 56)
Batting: LHB Kade Eagleton 0-0: Ground out U3 (Groundball, 3)
Batting: RHB Bruce Ingilby 0-0: Ball
1-0: Called Strike
1-1: DOUBLE (Flyball, 89D)
Batting: RHB Pau Arria 0-0: Called Strike
0-1: Foul Ball, location: 2F
0-2: Foul Ball, location: 2F
0-2: Ball
1-2: Strikes out swinging
Bottom of the 7th over - 0 runs, 1 hit, 0 errors, 1 left on base; Chicago 0 - Atlanta 1
TOP OF THE 8TH
Chicago Gold Sox batting - Pitching for Atlanta Smoke : LHP Aimo Latva
Batting: SHB Lupo Cotto 0-0: Ground out 6-3 (Groundball, 6)
Batting: SHB Valentín Guzmán 0-0: SINGLE (Groundball, 6D)
Batting: RHB Manuel Guillama 0-0: Called Strike
0-1: Fly out, F7 (Flyball, 7LMF)
Batting: RHB Norman Winston 0-0: Ground out 4-3 (Groundball, 4)
Top of the 8th over - 0 runs, 1 hit, 0 errors, 1 left on base; Chicago 0 - Atlanta 1
BOTTOM OF THE 8TH
Atlanta Smoke batting - Pitching for Chicago Gold Sox : RHP Tony Alfonso
Batting: LHB Jeff Lawson 0-0: Ball
1-0: Foul Ball, location: 2F
1-1: Ball
2-1: Called Strike
2-2: Ball
3-2: SINGLE (Line Drive, 89M)
Batting: RHB Silvio Bonauiti 0-0: Ball
1-0: Ball
2-0: Sac Bunt - play at first, batter OUT! 1-4
Jeff Lawson to second
Batting: LHB Albert Morán 0-0: Intentional Walk
Batting: RHB Cristo González 0-0: Ball
1-0: SINGLE (Groundball, 56D)
Jeff Lawson to third
Albert Morán to second
Runner from 3rd tries for Home, SAFE, throw made home
Batting: LHB Lance Antle 0-0: Called Strike
0-1: Ball
1-1: Fielders Choice at 2nd, 4-6 (Groundball, 4)
Albert Morán to third
Batting: RHB Syed Sarkar 0-0: Ball
1-0: Foul Ball, location: 2F
1-1: SINGLE (Groundball, 6D)
Albert Morán scores
Lance Antle to second
Runner from 2nd tries for 3rd, SAFE, no throw
Batting: LHB Kade Eagleton 0-0: Called Strike
0-1: Called Strike
0-2: Ball
1-2: Ball
2-2: Ball
3-2: Foul Ball, location: 2F
3-2: Fly out, F8 (Flyball, 8RD)
Bottom of the 8th over - 2 runs, 3 hits, 0 errors, 2 left on base; Chicago 0 - Atlanta 3
TOP OF THE 9TH
Chicago Gold Sox batting - Pitching for Atlanta Smoke : LHP Aimo Latva
Batting: LHB Count Dante 0-0: Swinging Strike
0-1: Ball
1-1: Called Strike
1-2: Ball
2-2: Foul Ball, location: 2F
2-2: Strikes out swinging
Batting: RHB Jay Hood 0-0: Ground out 6-3 (Groundball, 6)
Batting: RHB Zeus Preckwinkle 0-0: Ground out 5-3 (Groundball, 56)
Top of the 9th over - 0 runs, 0 hits, 0 errors, 0 left on base; Chicago 0 - Atlanta 3
Saturday, December 22nd, 2018 - OOTP Baseball 18.8 Build 76